AoeStats
← donsimon93

Golden Pit

509039340Analyzed
1v1 RM · 7d ago on Sep 25, 2026· 50m 12s· 2 players
Game mode
Random Map
Map size
Tiny (2 player)
Population
200
Speed
Normal
Resources
Standard
Victory
Conquest
Starting age
Dark Age
Ending age
Imperial Age
RankedLock teamsTeams togetherTeam positionsShared explorationLock speedFull tech treeHidden civsTurbo modeCheats
Victory
Defeat
🇦🇹 Franks · Austria
1021
+12
🇹🇼 Mongols · Taiwan
943
-18
Zama_
7:06 Loom
10:38 Feudal Age
13:25 Double-Bit Axe
13:58 Bloodlines
13:37 Horse Collar
16:55 Wheelbarrow
17:35 Town Watch
26:08 Castle Age
25:10 Fletching
26:22 Padded Archer Armor
26:18 Gold Mining
26:13 Crossbowman
27:05 Thumb Ring
28:11 Bodkin Arrow
28:33 Leather Archer Armor
28:39 Bow Saw
29:19 Ballistics
30:38 Hand Cart
33:50 Gold Shaft Mining
33:06 Stone Mining
34:43 Town Patrol
36:01 Leather Archer Armor
40:57 Stone Shaft Mining
44:13 Imperial Age
46:13 Bracer
49:09 Forging
49:05 Scale Barding Armor
donsimon93
4:09 Loom
10:33 Feudal Age
11:00 Double-Bit Axe
12:51 Town Watch
20:01 Castle Age
20:06 Wheelbarrow
19:49 Gold Mining
24:04 Husbandry
24:43 Forging
25:48 Scale Barding Armor
30:16 Bow Saw
32:22 Iron Casting
40:30 Imperial Age
38:48 Chain Barding Armor
38:40 Murder Holes
40:30 Stone Mining
41:15 Gold Shaft Mining
41:08 Hand Cart
40:32 Cavalier
42:10 Conscription
46:00 Plate Barding Armor
46:50 Blast Furnace
Connection lost

Rejoining the realm…

Still unreachable

The connection could not be restored.

Session expired

The server has moved on; the page needs a fresh start.